 Dungeon Sprint DCSS version 0.17-a0-1504-gb7d9117 (webtiles) character file.

170 nuthulu the Spear-Bearer (level 5, -1/46 HPs)
             Began as a Merfolk Gladiator on July 7, 2015.
             Was a Believer of Cheibriados.
             Killed from afar by a deep elf conjurer (3 damage)
             ... with a bolt of lightning
             ... in the Dungeon (Sprint V: "Ziggurat Sprint").
             The game lasted 00:01:48 (365 turns).

nuthulu the Spear-Bearer (Merfolk Gladiator)         Turns: 365, Time: 00:01:49

Health: -1/46      AC: 31    Str: 31    XL:     5   Next: 51%
Magic:  5/5        EV: 14    Int: 11    God:    Cheibriados [**....]
Gold:   0          SH:  0    Dex: 20    Spells: 0 memorised, 4 levels left

rFire  + . .     SeeInvis .     M - +8 lance "Wyrmbane" {slay drac, +Rage rPois rF+ AC+5}
rCold  . . .     Clarity  .     K - +15 Maxwell's patent armour {-Cast -Tele rElec MR+ rCorr}
rNeg   . . .     SustAt   .     (no shield)
rPois  +         Gourm    .     c - +0 helmet
rElec  +         Spirit   .     (no cloak)
rCorr  +         Warding  .     (no gloves)
rMut   .         NoTele   +     (no boots)
MR     +....     NoCast   +     (no amulet)
Stlth  ..........               J - +6 ring of strength
                                I - +6 ring of strength

@: lethally poisoned (-1 -> -37), very slow, somewhat resistant to hostile
enchantments, extremely unstealthy
A: change form in water, swift swim
a: Bend Time, Renounce Religion, Evoke Berserk Rage


You were in the Dungeon.
You worshipped Cheibriados.
Cheibriados was pleased with you.
You were not hungry.

You visited 1 branch

Inventory:

Hand weapons
 a - a +0 trident
 M - the +8 lance "Wyrmbane" (weapon) {slay drac, +Rage rPois rF+ AC+5}
   (You found it in the Dungeon)

   It affects your AC (+5).
   It protects you from fire.
   It protects you from poison.
   It lets you go berserk.
Missiles
 d - 3 throwing nets (quivered)
Armour
 b - a +0 leather armour
 c - a +0 helmet (worn)
 K - the +15 Maxwell's patent armour (worn) {-Cast -Tele rElec MR+ rCorr}
   (You found it in the Dungeon)

   It insulates you from electricity.
   It affects your resistance to hostile enchantments.
   It prevents spellcasting.
   It prevents most forms of teleportation.
   It protects you from acid and corrosion.
 L - the +18 shield of the gong {rElec rN+ MR+ EV-5}
   (You found it in the Dungeon)

   It affects your evasion (-5).
   It insulates you from electricity.
   It protects you from negative energy.
   It affects your resistance to hostile enchantments.
Jewellery
 E - a +6 ring of dexterity
 F - a +6 ring of dexterity
 G - a +6 ring of intelligence
 H - a +6 ring of intelligence
 I - a +6 ring of strength (left hand)
 J - a +6 ring of strength (right hand)
Magical devices
 y - a wand of disintegration (7)
 B - a wand of fire (5)
 C - a wand of cold (5)
 D - a wand of draining (5)
Scrolls
 k - 4 scrolls of blinking
 r - 4 scrolls of amnesia
 s - 3 scrolls of recharging
 t - 7 scrolls of fog
 u - a scroll of holy word
 v - 5 scrolls of identify
 w - 5 scrolls of remove curse
 x - 2 scrolls of fear
Potions
 f - 10 potions of curing
 g - 9 potions of heal wounds
 h - 6 potions of haste
 i - 7 potions of magic
 j - 3 potions of berserk rage
 l - 2 potions of brilliance
 m - 2 potions of invisibility
 n - 4 potions of resistance
 p - 5 potions of agility
 q - 5 potions of might
Comestibles
 e - 5 bread rations
 z - 42 fruits
 A - 4 meat rations


   Skills:
 + Level 6.3 Fighting
 + Level 11.0 Polearms
 + Level 3.3 Throwing
 + Level 0.7 Armour
 + Level 9.8 Dodging


You had 4 spell levels left.
You didn't know any spells.

Dungeon Overview and Level Annotations

Branches:
Dungeon (1/1)

Altars:
Ashenzari
Cheibriados
Dithmenos
Elyvilon
Fedhas
Gozag
Kikubaaqudgha
Makhleb
Nemelex Xobeh
Okawaru
Qazlal
Ru
Sif Muna
Trog
Vehumet
Xom
Yredelemnul
Zin
The Shining One
Beogh
Jiyva
Lugonu


Message History

You puncture the deep elf conjurer!
The deep elf conjurer is heavily wounded.
The deep elf knight hits you but does no damage.
The deep elf conjurer gestures at you while chanting.
The bolt of cold hits you!
Unknown command.
Drink which item? (? for menu, Esc to quit)
You feel much better. The redback bites you.
You are poisoned.
The redback poisons you! The redback misses you.
The deep elf knight gestures at you while chanting.
The shard of ice hits you!
Ouch! That really hurt!
* * * LOW HITPOINT WARNING * * *
The redback bites you!
* * * LOW HITPOINT WARNING * * *
The deep elf summoner misses you.
The deep elf conjurer points at you and mumbles some strange words.
The bolt of lightning hits you! You resist.
You die...

▓▓▓▓▓▓▓▓▓▓▓▓▓▓▓▓▓▓▓
▓.8©8.▓.8©8.▓.8©8.▓
▓.)P:.▓.)[:.▓.....▓
▓..}..▓.....▓.).|.▓
▓.....▓.....▓.....▓
▓.ees.▓.....▓.....▓
▓.e@..▓...†.▓.....▓
▓.s...▓.....▓▓▓▓▓▓▓
▓▓▓▓▓▓▓▓▓▓▓▓▓


You could see a deep elf knight, a deep elf summoner, a deep elf conjurer and 2
redbacks.

Vanquished Creatures
  A water moccasin (D)
  A quasit (D)
  A white imp (D)
  2 ball pythons (D)
5 creatures vanquished.

Vanquished Creatures (others)
  A spatial maelstrom (D)
1 creature vanquished.

Grand Total: 6 creatures vanquished

Notes
Turn   | Place    | Note
--------------------------------------------------------------
     0 | D        | nuthulu the Merfolk Gladiator began the quest for the Orb.
     0 | D        | Reached XP level 1. HP: 16/16 MP: 1/1
     0 | D        | Found a roughly hewn altar of Beogh.
     0 | D        | Found a corrupted altar of Lugonu.
     0 | D        | Found a viscous altar of Jiyva.
     0 | D        | Found a white marble altar of Elyvilon.
     0 | D        | Found a sparkling altar of Nemelex Xobeh.
     0 | D        | Found a burning altar of Makhleb.
     0 | D        | Found an iron altar of Okawaru.
     0 | D        | Found a deep blue altar of Sif Muna.
     0 | D        | Found a radiant altar of Vehumet.
     0 | D        | Found a bloodstained altar of Trog.
     0 | D        | Found a shimmering altar of Xom.
     0 | D        | Banished a spatial maelstrom
    84 | D        | Became a worshipper of Cheibriados the Contemplative
    93 | D        | Reached skill level 5 in Fighting
    93 | D        | Reached skill level 7 in Polearms
    93 | D        | Reached XP level 2. HP: 20/27 MP: 2/2
   172 | D        | Entered arena 1.
   172 | D        | Noticed a quasit
   183 | D        | Killed a quasit
   183 | D        | Acquired Cheibriados's first power
   183 | D        | Reached skill level 8 in Polearms
   183 | D        | Reached XP level 3. HP: 33/33 MP: 3/3
   288 | D        | Entered arena 2.
   288 | D        | Noticed a water moccasin
   298 | D        | Killed a water moccasin
   298 | D        | Reached skill level 10 in Polearms
   298 | D        | Reached XP level 4. HP: 36/40 MP: 4/4
   298 | D        | Reached XP level 5. HP: 41/46 MP: 5/5
   300 | D        | Reached skill level 11 in Polearms
   351 | D        | Entered arena 3.
   351 | D        | Noticed a deep elf summoner
   351 | D        | Noticed a deep elf conjurer
   351 | D        | Noticed a deep elf knight
   358 | D        | Noticed a redback
   358 | D        | Noticed a redback
   365 | D        | HP: 2/46 [redback[a deep elf summoner] (7)]
   365 | D        | Killed from afar by a deep elf conjurer

Vault maps used:
D:        sprint_v

Action                   |  1- 3 |  4- 6 || total
-------------------------+-------+-------++-------
Melee: Lance             |    21 |    16 ||    37
  Use: Potion            |     1 |     1 ||     2
